 Dungeon Crawl Stone Soup version 0.31-a0-188-g5e087ee2ca (webtiles) character file.

Game seed: 15368674403433322304

67 qw the Shooter (level 3, -2/17 (20) HPs)
             Began as a Deep Elf Hunter on June 22, 2023.
             Slain by a goblin
             ... wielding a +0 club
              (4 damage)
             ... on level 2 of the Dungeon.
             The game lasted 00:00:30 (1168 turns).

qw the Shooter (Deep Elf Hunter)                    Turns: 1168, Time: 00:00:31

HP:   -2/17 (20)    AC:  3    Str: 10    XL:     3   Next: 98%
MP:   5/5           EV: 12    Int: 13    God:
Gold: 72            SH:  0    Dex: 18    Spells: 2/2 levels left

rFire   . . .        Y - +0 shortbow
rCold   . . .        (shield currently unavailable)
rNeg    . . .        c - +0 leather armour
rPois   .            (no helmet)
rElec   .            (no cloak)
rCorr   .            (no gloves)
SInv    .            (no boots)
Will    .....        (no amulet)
Stlth   ++           (no ring)
HPRegen 0.22/turn    (no ring)
MPRegen 0.09/turn

%: no passive effects
@: heavily drained
A: no striking features
a: no special abilities


You were on level 2 of the Dungeon.
You visited 1 branch of the dungeon, and saw 2 of its levels.

You collected 72 gold pieces.


   Skills:
 - Level 1.5 Fighting
 + Level 7.4 Ranged Weapons
 - Level 2.4 Dodging
 - Level 1.2 Stealth


You had 2 spell levels left.
You didn't know any spells.
Your spell library was empty.

Inventory:

Hand Weapons
 Y - a +0 shortbow (weapon)
Armour
 a - a +0 pair of boots
 c - a +0 leather armour (worn)
Scrolls
 b - a scroll of fear {unknown}
Potions
 d - a potion of curing
 e - a potion of mutation {unknown}

Dungeon Overview and Level Annotations

Branches:
Dungeon (2/15)

Altars:


Message History

You kill the goblin!
You shoot an arrow.
The arrow hits the goblin but does no damage.
The goblin barely misses you. The goblin closely misses you.
You shoot an arrow. The arrow hits the goblin.
You kill the goblin!
The goblin misses you.
You shoot an arrow. The arrow hits the goblin.
The goblin is severely wounded.
The goblin barely misses you.
You shoot an arrow. The arrow hits the goblin.
You kill the goblin!
The goblin hits you with a +0 club.
You shoot an arrow. The arrow closely misses the goblin.
The goblin hits you with a +0 club. x2
You shoot an arrow. The arrow closely misses the goblin.
The goblin hits you but does no damage.
You feel drained. The goblin misses you. The goblin barely misses you.
You shoot an arrow.
The arrow hits the goblin but does no damage.
The goblin hits you with a +0 dagger of draining.
You feel drained. The goblin hits you with a +0 club. x2
You shoot an arrow. The arrow barely misses the goblin.
The goblin closely misses you. x2; The goblin hits you with a +0 club.
You shoot an arrow. The arrow hits the goblin.
You kill the goblin!
The goblin completely misses you. The goblin misses you.
You shoot an arrow. The arrow barely misses the goblin.
The arrow hits the goblin!
You kill the goblin!
The goblin closely misses you. The goblin barely misses you.
You shoot an arrow. The arrow barely misses the goblin.
The goblin hits you with a +0 dagger of draining.
You feel drained. The goblin hits you with a +0 club.
You shoot an arrow. The arrow barely misses the goblin.
The goblin barely misses you. The goblin closely misses you.
You shoot an arrow. The arrow hits the goblin.
You kill the goblin!
The goblin hits you but does no damage. The goblin hits you with a +0 club.
You die...

......###...............
##.... #................
#.....#................
#..###..................
#.# ##.###.............
..#. #...#.............
##' ###...........#...
#...#g##..............
+..))@.'........##....
#...#)##..............
##+ ###............... #
..#......>..##..
####............
...#........
#########... #..# #..#


You could see a goblin.

Vanquished Creatures
  A gnoll (D:1)
  A dart slug (D:1)
  4 ball pythons (D:1)
  8 endoplasms
  3 giant cockroaches (D:1)
  9 goblins
  3 hobgoblins
  5 jackals
  5 kobolds
  2 quokkas (D:2)
  2 bats (D:1)
  A frilled lizard (D:1)
  4 rats
48 creatures vanquished.

Notes
Turn   | Place    | Note
-------+----------+-------------------------------------------
     0 | D:1      | qw the Deep Elf Hunter began the quest for the Orb.
     0 | D:1      | Reached XP level 1. HP: 12/12 MP: 3/3
     0 | D:1      | 0 ||| qw: Version: 0.3-a-9-g12657ce
     0 | D:1      | 0 ||| qw: Game counter: 2891
     0 | D:1      | 0 ||| qw: Always use a shield: true
     0 | D:1      | 0 ||| qw: God list: Okawaru
     0 | D:1      | 0 ||| qw: Allow faded altars: false
     0 | D:1      | 0 ||| qw: Do Orc after D:15 true
     0 | D:1      | 0 ||| qw: Do second Lair branch before Depths: true
     0 | D:1      | 0 ||| qw: Lair rune preference: random
     0 | D:1      | 0 ||| qw: Plans: Normal
     0 | D:1      | 0 ||| PLANNING D:1-11
   152 | D:1      | Reached skill level 6 in Ranged Weapons
   152 | D:1      | Reached XP level 2. HP: 13/16 MP: 4/4
   153 | D:1      | 153 ||| FLEEEEING.
   154 | D:1      | 154 ||| FLEEEEING.
   155 | D:1      | 155 ||| FLEEEEING.
   156 | D:1      | 156 ||| FLEEEEING.
   157 | D:1      | 157 ||| FLEEEEING.
   441 | D:1      | Reached XP level 3. HP: 20/20 MP: 5/5
   918 | D:1      | 918 ||| READING scroll labelled BOITHASHINK.
   919 | D:1      | 919 ||| READING scroll labelled TESIFA CIEBET.
   920 | D:1      | 920 ||| DRINKING 2 viscous clear potions.
   921 | D:1      | 921 ||| DROPPING scroll of butterflies.
  1030 | D:2      | Reached skill level 7 in Ranged Weapons
  1166 | D:2      | HP: 3/18 [goblin/+0 dagger of draining (3)]
  1166 | D:2      | HP: 1/17 [goblin/+0 club (2)]
  1168 | D:2      | Slain by a goblin

Levels and vault maps discovered:
D:1:      dpeg_arrival_signposts, layout_loops_ring
D:2:      cheibrodos_greedy_goblins, layout_basic, uniq_jessica, uniq_terence,
          uniq_crazy_yiuf_cottage

Skill      XL: |  1  2  3 |
---------------+----------+-----
Ranged Weapons | 6 7 |  7.4
Fighting       | |  1.5
Dodging        | |  2.4
Stealth        | |  1.2

Action                     || total
---------------------------++-------
   Fire: Shortbow          ||   133
    Use: Scroll            ||     2
         Potion            ||     1
 Armour: Leather armour    ||     8
  Dodge: Dodged            ||    39

Table legend:
 A = Non-vault XP
 B = Vault XP
 C = Vault XP percentage of total XP
 D = Non-vault monster count
 E = Vault monster count
 F = Vault count percentage of total count
                 A         B        C        D         E       F
            +---------+---------+-------+---------+---------+-------
      Total |      84 |      14 |  14.3 |      41 |       7 |  14.6
            +---------+---------+-------+---------+---------+-------
        D:1 |      60 |       0 |   0.0 |      27 |       0 |   0.0
        D:2 |      24 |      14 |  36.8 |      14 |       7 |  33.3
            +---------+---------+-------+---------+---------+-------
